 Dungeon Crawl Stone Soup version 0.20.1-1-g8b1a95d (webtiles) character file.

37 Monsterracer the Sneak (level 3, -2/16 HPs)
             Began as a Spriggan Conjurer on Aug 25, 2017.
             Slain by an orc wizard
             ... wielding a +0 dagger
              (6 damage)
             ... on level 2 of the Dungeon.
             The game lasted 00:04:39 (1881 turns).

Monsterracer the Sneak (Spriggan Conjurer)          Turns: 1881, Time: 00:04:39

Health: -2/16      AC:  2    Str:  4    XL:     3   Next: 21%
Magic:  0/9        EV: 16    Int: 17    God:
Gold:   137        SH:  0    Dex: 16    Spells: 3/9 levels left

rFire    . . .     SeeInvis +   i - +0 dagger
rCold    . . .     Gourm    .   (shield restricted)
rNeg     . . .     Faith    .   a - +0 robe
rPois    .         Spirit   .   (helmet restricted)
rElec    .         Reflect  .   (no cloak)
rCorr    .         Harm     .   (gloves unavailable)
MR       .....                  (boots unavailable)
Stlth    ++........             (no amulet)
Regen    0.1/turn               (no ring)
MPRegen  0.2/turn               (no ring)

@: heavily drained, very quick
A: unfitting armour, see invisible, herbivore 3, speed 3, slow metabolism 2
a: no special abilities


You were on level 2 of the Dungeon.
You were not hungry.

You visited 1 branch of the dungeon, and saw 2 of its levels.

You collected 137 gold pieces.

Inventory:

Hand Weapons
 i - a +0 dagger (weapon)
Armour
 a - a +0 robe (worn)
Scrolls
 d - a scroll of immolation {unknown}
 g - a scroll of identify {unknown}
 h - a scroll of noise {unknown}
 k - a scroll of remove curse {unknown}
Potions
 e - a potion of brilliance {unknown}
 l - a potion of flight {unknown}
 m - a potion of might {unknown}
 n - a potion of heal wounds {unknown}
Books
 b - a book of Conjurations

   Spells                             Type                      Level
   a - Magic Dart                     Conjuration                  1
   b - Searing Ray                    Conjuration                  2
   c - Dazzling Spray                 Conjuration/Hexes            3
   d - Fulminant Prism                Conjuration/Hexes            4
   e - Force Lance                    Conjuration/Translocation    4
   f - Iskenderun's Mystic Blast      Conjuration                  4
Comestibles
 c - 2 bread rations
 f - 2 royal jellies


   Skills:
 - Level 3.0(1.3) Dodging
 + Level 3.7(2.0) Stealth
 * Level 3.6(2.0) Spellcasting
 * Level 3.2(1.6) Conjurations


You had 3 spell levels left.
You knew the following spells:

 Your Spells              Type           Power        Failure   Level  Hunger
a - Magic Dart            Conj           #...         10%         1    #......
b - Searing Ray           Conj           #.....       16%         2    ###....
c - Dazzling Spray        Conj/Hex       #.....       38%         3    ###....


Dungeon Overview and Level Annotations

Branches:
Dungeon (2/15)

Altars:
Ru


Innate Abilities, Weirdness & Mutations

You are very small and have problems with some larger weapons.
You are too small for most types of armour.
You have supernaturally acute eyesight. (SInv)
You are a herbivore.
You cover ground extremely quickly.
You need consume almost no food.


Message History

* * * LOW HITPOINT WARNING * * *
Huge Dmg: -31%(-5hp) hp: 13%(2hp)
You start resting.
Your magical contamination has completely faded away.
You start resting.
You start resting.
Casting: Magic Dart
Confirm with . or Enter, or press ? or * to list all spells.
Aiming: Searing Ray
Press: ? - help, Shift-Dir - straight line, f/p - orc wizard
Aim: an orc wizard, wielding a dagger and wearing a robe (moderately wounded, mute)
The searing ray hits the orc wizard.
The orc wizard is moderately wounded. (Press . to maintain the ray.)
The searing ray misses the orc wizard.
* * * LOW MAGIC WARNING * * *
The searing ray misses the orc wizard.
* * * LOW MAGIC WARNING * * *
The orc wizard hits you with a dagger.
You die...

#.# #........# #. #.#
#......... #. #.#
#.#...... #. #.#
#.#......# #.
#.#######.#.#.##.# #.
####....o.........#.# #.
#....#####........#.# #.
##.#.# #.#......#.# #.
#.#.# #@###....#.###.###
#.#.# #o# #.............
#.#.#####.###....#.###.###
#.#.o.........>...........
#.......#.......##........
#######.#######.##........
#.# #.##........
#.#######...........
#.#...........##'###


You could see an orc wizard (mute).

Vanquished Creatures
  2 leopard geckos
  3 bats
  3 giant cockroaches (D:1)
  4 hobgoblins
  3 jackals (D:1)
  3 frilled lizards (D:1)
  3 kobolds
  16 rats (D:1)
37 creatures vanquished.

Notes
Turn   | Place    | Note
-------+----------+-------------------------------------------
     0 | D:1      | Monsterracer the Spriggan Conjurer began the quest for the Orb.
     0 | D:1      | Reached XP level 1. HP: 9/9 MP: 5/5
   293 | D:1      | Reached XP level 2. HP: 13/13 MP: 5/7
   351 | D:1      | HP: 6/13 [giant cockroach (1)]
   373 | D:1      | HP: 6/13 [giant cockroach (1)]
   378 | D:1      | HP: 2/13 [rat (3)]
   668 | D:1      | Learned a level 2 spell: Searing Ray
  1240 | D:1      | Reached XP level 3. HP: 16/16 MP: 5/8
  1359 | D:2      | Learned a level 3 spell: Dazzling Spray
  1780 | D:2      | Found a sacrificial altar of Ru.
  1809 | D:2      | HP: 6/16 [orc wizard/dagger (4)]
  1835 | D:2      | HP: 2/16 [orc wizard/dagger (5)]
  1881 | D:2      | Slain by an orc wizard

Skill      XL: |  1 |
---------------+----+-----
Conjurations   | 3 |  3.2
Spellcasting   | 3 |  3.6
Dodging        | |  3.0
Stealth        | |  3.7

Action                   || total
-------------------------++-------
Melee: Unarmed           ||    48
       Mace              ||    12
       Dagger            ||    10
 Cast: Magic Dart        ||    70
       Searing Ray       ||     2
Armor: Robe              ||     8
Dodge: Dodged            ||    81
